[ AOE2 MATCH · #506892213 ]
UnrankedMagyars vs Huns
Player's team · LOSS
Rival team · WIN
[ REPLAY ANALYSIS · EXTRACTED FROM THE RECORDED GAME ]
Feudal
9:30
Castle
—
Imperial
—
| APM avg | 53.2 |
| APM peak | 92 |
| eAPM avg | 22.3 |
| Villagers / military | 54 / 17 |
Focus
⚔️ 15.5% · 🌾 84.5%
Scout Cavalry ×17
Feudal
10:07
Castle
23:34
Imperial
—
| APM avg | 72.1 |
| APM peak | 151 |
| eAPM avg | 28.4 |
| Villagers / military | 53 / 53 |
Focus
⚔️ 34.9% · 🌾 65.1%
Archer ×31 · Knight ×8 · Spearman ×8 · Militia ×5 · Skirmisher ×1
Match map
Initial resources + every placement click. Lines = walls · curves = elevation contours. ◆ gold · ⬟ stone · ● berries · ✦ relic · ◌ wall gap
Your base· Open — unwalled flank
Pedro's base· Open — unwalled flank
Smoothed initial terrain · ◌ = detected wall gap · hover for details
Inputs per minute
— Wizo - - Pedro
Build order — Wizo
120 actions detected in the replay
| 0:02 | Build | House |
| 0:02 | Build | House |
| 0:04 | Queue | Villager (Male) |
| 0:04 | Queue | Villager (Male) |
| 0:04 | Queue | Villager (Male) |
| 0:04 | Queue | Villager (Male) |
| 1:27 | Queue | Villager (Male) |
| 1:27 | Queue | Villager (Male) |
| 1:47 | Build | Lumber Camp |
| 2:02 | Queue | Villager (Male) |
| 2:02 | Queue | Villager (Male) |
| 2:15 | Queue | Villager (Male) |
| 2:15 | Queue | Villager (Male) |
| 2:54 | Queue | Villager (Male) |
| 2:55 | Queue | Villager (Male) |
| 3:03 | Build | House |
| 3:04 | Build | House |
| 3:12 | Queue | Villager (Male) |
| 3:12 | Queue | Villager (Male) |
| 3:32 | Queue | Villager (Male) |
| 3:32 | Queue | Villager (Male) |
| 3:46 | Queue | Villager (Male) |
| 3:46 | Queue | Villager (Male) |
| 4:36 | Build | Mill |
| 4:43 | Queue | Villager (Male) |
| 4:57 | Queue | Villager (Male) |
| 4:57 | Queue | Villager (Male) |
| 5:28 | Queue | Villager (Male) |
| 5:51 | Queue | Villager (Male) |
| 5:59 | Build | Mill |
| 6:06 | Queue | Villager (Male) |
| 6:46 | Research | Loom |
| 7:20 | Research | Feudal Age |
| 7:20 | Research | Feudal Age |
| 9:01 | Queue | Villager (Male) |
| 9:30 | Age | Feudal Age |
| 9:38 | Build | Barracks |
| 9:44 | Queue | Villager (Male) |
| 10:18 | Queue | Villager (Male) |
| 10:47 | Queue | Villager (Male) |
| 11:04 | Build | Stable |
| 11:15 | Queue | Villager (Male) |
| 11:32 | Queue | Villager (Male) |
| 11:41 | Build | Farm |
| 11:50 | Queue | Scout Cavalry |
| 11:50 | Queue | Villager (Male) |
| 11:51 | Queue | Villager (Male) |
| 12:04 | Queue | Scout Cavalry |
| 12:04 | Queue | Scout Cavalry |
| 12:09 | Build | Farm |
| 12:11 | Build | Farm |
| 12:24 | Build | House |
| 12:25 | Build | House |
| 12:28 | Research | Wheelbarrow |
| 12:52 | Queue | Scout Cavalry |
| 13:08 | Build | Lumber Camp |
| 13:15 | Queue | Villager (Male) |
| 13:33 | Queue | Villager (Male) |
| 13:34 | Research | Double-Bit Axe |
| 13:34 | Research | Double-Bit Axe |
| 13:39 | Build | Farm |
| 13:40 | Build | Farm |
| 13:46 | Build | House |
| 13:46 | Build | House |
| 13:51 | Queue | Villager (Male) |
| 14:13 | Queue | Villager (Male) |
| 14:35 | Build | Farm |
| 14:36 | Build | Farm |
| 14:45 | Queue | Scout Cavalry |
| 14:47 | Build | Farm |
| 15:01 | Build | Farm |
| 15:02 | Build | Farm |
| 15:03 | Build | Farm |
| 15:11 | Queue | Villager (Male) |
| 15:42 | Queue | Villager (Male) |
| 15:44 | Build | Farm |
| 15:46 | Queue | Scout Cavalry |
| 16:00 | Build | Lumber Camp |
| 16:03 | Queue | Scout Cavalry |
| 16:03 | Queue | Scout Cavalry |
| 16:06 | Queue | Villager (Male) |
| 16:16 | Build | Farm |
| 16:55 | Build | Mining Camp |
| 16:56 | Queue | Scout Cavalry |
| 17:15 | Queue | Villager (Male) |
| 17:31 | Queue | Villager (Male) |
| 17:41 | Queue | Scout Cavalry |
| 17:55 | Build | Watch Tower |
| 17:58 | Queue | Villager (Male) |
| 18:05 | Queue | Scout Cavalry |
| 18:26 | Build | Farm |
| 18:52 | Queue | Villager (Male) |
| 18:53 | Queue | Villager (Male) |
| 19:16 | Build | Farm |
| 19:17 | Build | Farm |
| 19:35 | Queue | Scout Cavalry |
| 19:36 | Research | Bloodlines |
| 19:37 | Queue | Villager (Male) |
| 19:37 | Queue | Villager (Male) |
| 20:00 | Queue | Villager (Male) |
| 20:30 | Build | House |
| 20:31 | Build | House |
| 20:35 | Queue | Scout Cavalry |
| 20:36 | Queue | Villager (Male) |
| 20:42 | Build | House |
| 21:15 | Queue | Villager (Male) |
| 21:19 | Queue | Scout Cavalry |
| 21:26 | Build | House |
| 22:04 | Queue | Scout Cavalry |
| 22:04 | Queue | Villager (Male) |
| 22:17 | Queue | Villager (Male) |
| 22:29 | Build | Blacksmith |
| 22:34 | Queue | Villager (Male) |
| 22:56 | Queue | Villager (Male) |
| 23:03 | Research | Scale Barding Armor |
| 23:08 | Build | Farm |
| 23:08 | Build | Farm |
| 23:12 | Queue | Scout Cavalry |
| 23:46 | Queue | Villager (Male) |
| 23:48 | Queue | Scout Cavalry |
Build order — Pedro
First 150 of 166 actions detected
| 0:00 | Queue | Villager (Male) |
| 0:01 | Queue | Villager (Male) |
| 0:11 | Queue | Villager (Male) |
| 0:18 | Queue | Villager (Male) |
| 1:12 | Queue | Villager (Male) |
| 1:50 | Queue | Villager (Male) |
| 1:54 | Build | Lumber Camp |
| 2:01 | Queue | Villager (Male) |
| 2:33 | Queue | Villager (Male) |
| 2:50 | Queue | Villager (Male) |
| 3:25 | Queue | Villager (Male) |
| 3:36 | Queue | Villager (Male) |
| 4:16 | Queue | Villager (Male) |
| 4:44 | Queue | Villager (Male) ×2 |
| 4:55 | Build | Barracks |
| 5:21 | Queue | Villager (Male) |
| 5:24 | Queue | Villager (Male) |
| 5:54 | Queue | Militia |
| 5:55 | Queue | Militia |
| 6:03 | Build | Mill |
| 6:14 | Queue | Villager (Male) |
| 6:22 | Queue | Militia |
| 6:23 | Queue | Militia |
| 6:23 | Queue | Militia |
| 6:26 | Queue | Villager (Male) |
| 6:55 | Build | Palisade Gate |
| 7:15 | Research | Loom |
| 7:57 | Research | Feudal Age |
| 8:04 | Build | Lumber Camp |
| 8:43 | Build | Mining Camp |
| 8:58 | Queue | Villager (Male) |
| 9:51 | Queue | Villager (Male) |
| 10:07 | Age | Feudal Age |
| 10:10 | Build | Archery Range |
| 10:14 | Queue | Villager (Male) |
| 10:17 | Research | Double-Bit Axe |
| 10:17 | Research | Double-Bit Axe |
| 10:42 | Build | Archery Range |
| 10:48 | Queue | Archer |
| 10:49 | Queue | Archer |
| 11:06 | Queue | Villager (Male) |
| 11:14 | Build | Watch Tower |
| 11:19 | Queue | Villager (Male) |
| 11:25 | Queue | Archer |
| 11:38 | Queue | Archer |
| 11:40 | Queue | Spearman |
| 11:40 | Queue | Spearman |
| 11:48 | Queue | Skirmisher |
| 11:57 | Build | Farm |
| 12:03 | Build | Palisade Wall |
| 12:04 | Build | Palisade Wall |
| 12:05 | Build | Palisade Wall |
| 12:09 | Queue | Archer |
| 12:11 | Queue | Villager (Male) |
| 12:16 | Build | Farm |
| 12:20 | Queue | Archer |
| 12:20 | Queue | Archer |
| 12:35 | Build | Farm |
| 12:37 | Build | Farm |
| 12:53 | Queue | Archer |
| 12:53 | Queue | Archer |
| 12:53 | Queue | Villager (Male) |
| 12:53 | Queue | Villager (Male) |
| 13:10 | Build | Farm |
| 13:10 | Queue | Villager (Male) |
| 13:13 | Queue | Archer |
| 13:28 | Queue | Villager (Male) |
| 13:30 | Build | Farm |
| 13:41 | Queue | Archer |
| 13:41 | Queue | Archer |
| 13:56 | Queue | Villager (Male) |
| 13:58 | Build | Farm |
| 14:01 | Queue | Villager (Male) |
| 14:08 | Queue | Archer |
| 14:09 | Queue | Archer |
| 14:33 | Queue | Archer |
| 14:33 | Queue | Archer |
| 14:33 | Queue | Archer |
| 14:35 | Queue | Villager (Male) |
| 14:36 | Queue | Villager (Male) |
| 14:39 | Build | Blacksmith |
| 14:42 | Build | Farm |
| 14:48 | Queue | Spearman |
| 14:48 | Queue | Villager (Male) |
| 14:53 | Queue | Archer |
| 14:53 | Queue | Archer |
| 14:58 | Queue | Villager (Male) |
| 15:01 | Queue | Spearman |
| 15:08 | Queue | Villager (Male) |
| 15:11 | Queue | Villager (Male) |
| 15:13 | Build | Farm |
| 15:25 | Queue | Villager (Male) |
| 15:27 | Build | Farm |
| 15:31 | Research | Fletching |
| 15:32 | Research | Fletching |
| 15:47 | Queue | Archer |
| 15:48 | Queue | Archer |
| 15:48 | Queue | Villager (Male) |
| 15:52 | Queue | Spearman |
| 15:52 | Queue | Spearman |
| 15:52 | Queue | Spearman |
| 15:59 | Queue | Archer |
| 16:00 | Queue | Archer |
| 16:01 | Queue | Villager (Male) |
| 16:09 | Queue | Archer |
| 16:09 | Queue | Archer |
| 16:19 | Queue | Spearman |
| 16:21 | Build | Palisade Wall |
| 16:23 | Build | Palisade Wall |
| 16:25 | Queue | Villager (Male) |
| 16:29 | Build | Palisade Wall |
| 16:31 | Build | Palisade Wall |
| 16:51 | Queue | Archer |
| 16:52 | Queue | Archer |
| 16:59 | Queue | Archer |
| 17:01 | Build | Farm |
| 17:19 | Queue | Archer |
| 17:20 | Queue | Villager (Male) |
| 17:35 | Queue | Archer |
| 17:35 | Queue | Villager (Male) |
| 17:47 | Build | Farm |
| 17:47 | Queue | Villager (Male) |
| 17:50 | Build | Farm |
| 17:57 | Queue | Archer |
| 18:07 | Build | Farm |
| 18:22 | Build | Farm |
| 18:23 | Queue | Villager (Male) |
| 18:28 | Queue | Villager (Male) |
| 18:47 | Build | Farm |
| 18:47 | Build | Farm |
| 18:50 | Queue | Villager (Male) |
| 18:53 | Build | Farm |
| 18:55 | Queue | Villager (Male) |
| 19:02 | Build | Farm |
| 19:18 | Build | Farm |
| 19:48 | Queue | Villager (Male) |
| 19:51 | Build | Farm |
| 19:53 | Build | Farm |
| 20:05 | Build | Farm |
| 20:34 | Build | Farm |
| 20:54 | Research | Castle Age |
| 20:54 | Research | Castle Age |
| 21:23 | Build | Stable |
| 21:24 | Build | Stable |
| 22:01 | Research | Scale Barding Armor |
| 22:02 | Research | Forging |
| 22:18 | Queue | Villager (Male) |
| 22:24 | Research | Bloodlines |
| 22:36 | Build | Market |
| 22:57 | Build | Farm |
Match timeline
| 4:55 | Pedro · first_building Barracks |
| 9:30 | Wizo · age_up feudal |
| 9:38 | Wizo · first_building Barracks |
| 10:07 | Pedro · age_up feudal |
| 10:10 | Pedro · first_building Archery Range |
| 11:04 | Wizo · first_building Stable |
| 12:03 | Pedro · wall_segment Palisade Wall x1 |
| 12:04 | Pedro · wall_segment Palisade Wall x1 |
| 12:05 | Pedro · wall_segment Palisade Wall x2 |
| 16:21 | Pedro · wall_segment Palisade Wall x1 |
| 16:23 | Pedro · wall_segment Palisade Wall x1 |
| 16:29 | Pedro · wall_segment Palisade Wall x1 |
| 16:31 | Pedro · wall_segment Palisade Wall x1 |
| 21:23 | Pedro · first_building Stable |
| 23:28 | Pedro · first_market_buy 100 food |
| 23:34 | Pedro · age_up castle |
| 24:18 | Wizo · resign |
[ AI ANALYSIS · 1 CREDIT ]
What really happened in this match?
Wolo.gg analyzes every decision: build order, eco, micro, common mistakes by bracket. Personalized analysis on WhatsApp or Discord in 30 seconds.
Civ guide
Magyars
Perfil
Jugador #3215051